 Dungeon Crawl Stone Soup version 0.29.1-15-g9cfb28693d (webtiles) character file.

Game seed: 10594680587348017334

431 croobank the Firebug (level 6, -8/41 HPs)
             Began as a Demonspawn Fire Elementalist on Apr 28, 2023.
             Was a Believer of Vehumet.
             Killed by divine providence
             ... invoked by an orc priest
              (12 damage)
             ... on level 4 of the Dungeon.
             The game lasted 00:12:50 (3868 turns).

croobank the Firebug (Demonspawn Fire Elementalist) Turns: 3868, Time: 00:12:50

Health: -8/41      AC:  3    Str:  8    XL:     6   Next: 66%
Magic:  11/11      EV: 15    Int: 18    God:    Vehumet [**....]
Gold:   171        SH:  0    Dex: 14    Spells: 8/11 levels left

rFire   . . .      SeeInvis .   d - +0 dagger (vamp)
rCold   . . .      Faith    .   (no shield)
rNeg    + . .      Spirit   .   z - +1 robe {rN+}
rPois   .          Reflect  .   (no helmet)
rElec   .          Harm     .   (no cloak)
rCorr   .          Rampage  .   (no gloves)
Will    .....                   (no boots)
Stlth   ++........              n - amulet of regeneration
HPRegen 0.93/turn               (no ring)
MPRegen 0.12/turn               (no ring)

@: no status effects
A: repulsion field 1, foul stench 2, powered by pain 1
a: Renounce Religion


You were on level 4 of the Dungeon.
You worshipped Vehumet.
Vehumet was pleased with you.
You visited 1 branch of the dungeon, and saw 4 of its levels.

You collected 171 gold pieces.

Inventory:

Hand Weapons
 a - a +0 short sword
 b - a +0 arbalest
 d - a +0 vampiric dagger (weapon)
 f - a +0 spear
 k - a +0 sling
 t - a +0 rapier of electrocution
Missiles
 x - 2 throwing nets
Armour
 i - a +0 ring mail
 z - a +1 robe of positive energy (worn)
Jewellery
 n - an amulet of regeneration (around neck)
Scrolls
 c - a scroll of noise {unknown}
 e - 2 scrolls of amnesia {unknown}
 g - 3 scrolls of torment {unknown}
 h - 2 scrolls of magic mapping {unknown}
 o - a scroll of enchant armour {unknown}
 q - 3 scrolls of identify {unknown}
 w - a scroll of immolation {unknown}
 y - a scroll of fog {unknown}
Potions
 l - a potion of magic
 r - a potion of cancellation
 s - a potion of invisibility {unknown}
 u - a potion of curing {unknown}
 v - a potion of heal wounds {unknown}


   Skills:
 + Level 3.2 Dodging
 + Level 3.5 Stealth
 + Level 3.3 Spellcasting
 + Level 3.1 Conjurations
 + Level 3.8 Fire Magic


You had 8 spell levels left.
You knew the following spells:

 Your Spells              Type           Power      Damage    Failure   Level
a - Foxfire               Conj/Fire      60%        2x1d7     3%          1
b - Scorch                Fire           34%        2d7       4%          2

Your spell library contained the following spells:

 Spells                   Type           Power      Damage    Failure   Level
 Static Discharge         Conj/Air       8%         3-4/arc   13%         2
 Conjure Flame            Conj/Fire      15%        6-21      11%         3
 Inner Flame              Hex/Fire       10%        N/A       22%         3
 Blink                    Tloc           6%         N/A       24%         2
 Flame Wave               Conj/Fire      15%        2d7       36%         4
 Portal Projectile        Hex/Tloc       6%         N/A       43%         3
 Tukima's Dance           Hex            3%         N/A       43%         3
 Blade Hands              Tmut           1%         N/A       99%         5
 Manifold Assault         Tloc           3%         N/A       99%         5
 Storm Form               Tmut/Air       1%         N/A       100%        7


Dungeon Overview and Level Annotations

Branches:
Dungeon (4/15)
 Temple: D:4-7

Altars:
Vehumet

Shops:
D:2 (

Annotations:
D:2 1 runed translucent door, Crazy Yiuf


Innate Abilities, Weirdness & Mutations

You are surrounded by a mild repulsion field. (EV +2)
You sometimes emit foul miasma when damaged in melee.
You sometimes gain a little power by taking damage.


Message History

You hear a shout!
The ufetubus closely misses you. x2; The ufetubus completely misses you.
The ufetubus hits you.
The orc priest mumbles some strange prayers to Beogh against you.
Beogh smites you!
The orc priest calls down the wrath of Beogh upon you.
Beogh smites you!
An orc wizard comes into view. It is wielding a +0 dagger.
The ufetubus closely misses you.
The ufetubus hits you but does no damage.
You feel a sense of dread.
d - a +0 vampiric dagger (weapon)
The ufetubus hits you. The ufetubus closely misses you.
The orc priest calls down the wrath of Beogh upon you.
Beogh smites you!
* * * LOW HITPOINT WARNING * * *
Okay, then.
Okay, then.
It was a potion of flight.
You feel very buoyant.
You fly up into the air.
The ufetubus closely misses you.
The ufetubus hits you but does no damage.
It was a potion of brilliance.
You feel clever all of a sudden. The ufetubus misses you.
The ufetubus hits you.
* * * LOW HITPOINT WARNING * * *
You emit a cloud of foul miasma!
The ufetubus closely misses you. The ufetubus misses you.
The orc wizard gestures wildly while chanting.
The orc wizard flickers and vanishes!
The orc priest looks encouraged for a moment.
It was a potion of cancellation.
Your magical effects are unravelling.
You feel magically purged.
You float gracefully downwards.
You feel a little less clever now.
The ufetubus hits you but does no damage.
The ufetubus misses you.
The orc priest calls down the wrath of Beogh upon you.
Beogh smites you!
You die...

#.####<..............
#.# #........#......
#.# ######...#(..<..
#.# #####......
#.###########.....[).
#....................
#.#..#.....#.########
#.##.# .... #.##@#
.## #.##5# #..^{o
#...... #.......
#...!.... ##..##..##
... ...


You could see an orc priest and an ufetubus.

Vanquished Creatures
  Sigmund (D:4)
  Blork the orc (D:4)
  Terence (D:3)
  An orc wizard (D:3)
  3 gnolls (D:3)
  6 adders
  A dart slug (D:2)
  3 worms (D:2)
  5 orcs (D:3)
  3 ball pythons
  7 bats
  3 endoplasms
  2 giant cockroaches (D:4)
  8 goblins
  3 hobgoblins
  3 jackals (D:2)
  A quokka (D:2)
  8 frilled lizards
  6 kobolds
  7 rats
73 creatures vanquished.

Vanquished Creatures (collateral kills)
  A foxfire (D:3)
1 creature vanquished.

Vanquished Creatures (others)
  84 foxfires
  13 plants (D:3)
97 creatures vanquished.

Grand Total: 171 creatures vanquished

Notes
Turn   | Place    | Note
-------+----------+-------------------------------------------
     0 | D:1      | croobank the Demonspawn Fire Elementalist began the quest
                  | for the Orb.
     0 | D:1      | Reached XP level 1. HP: 13/13 MP: 3/3
   409 | D:1      | Gained mutation: You are surrounded by a mild repulsion
                  | field. (EV +2) [demonic ancestry]
   409 | D:1      | Reached XP level 2. HP: 18/19 MP: 3/5
   412 | D:1      | Learned a level 2 spell: Scorch
  1654 | D:2      | Gained mutation: You may rarely emit foul miasma when
                  | damaged in melee. [demonic ancestry]
  1654 | D:2      | Reached XP level 3. HP: 14/24 MP: 0/6
  1995 | D:2      | Found Ufyvis's Antique Weapon Shoppe.
  2212 | D:2      | Gained mutation: You sometimes gain a little power by
                  | taking damage. [demonic ancestry]
  2212 | D:2      | Reached XP level 4. HP: 29/30 MP: 4/7
  2468 | D:2      | Found a runed translucent door.
  2469 | D:2      | Noticed Crazy Yiuf
  2771 | D:3      | Found a faded altar of an unknown god.
  2781 | D:3      | Prayed at the altar of an unknown god.
  2781 | D:3      | Became a worshipper of Vehumet
  2781 | D:3      | Reached * piety under Vehumet
  2781 | D:3      | Offered knowledge of Sandblast by Vehumet.
  2992 | D:3      | Gained mutation: You sometimes emit foul miasma when
                  | damaged in melee. [demonic ancestry]
  2992 | D:3      | Reached XP level 5. HP: 35/35 MP: 4/9
  3459 | D:3      | Noticed Terence
  3466 | D:3      | Killed Terence
  3473 | D:3      | Offered knowledge of Static Discharge by Vehumet.
  3767 | D:4      | Noticed Blork the orc
  3774 | D:4      | Killed Blork the orc
  3779 | D:4      | Reached XP level 6. HP: 41/41 MP: 1/10
  3804 | D:4      | Noticed Sigmund
  3806 | D:4      | Reached ** piety under Vehumet
  3811 | D:4      | Killed Sigmund
  3868 | D:4      | Killed from afar by an orc priest

Illustrated notes

Levels and vault maps discovered:
D:1:      enne_arrival_octagon_isle, layout_loops_ring
D:2:      layout_rooms, serial_shops, nicolae_shop_hallway_stairs,
          kennysheep_minor_cross, minmay_split_cup_large,
          uniq_crazy_yiuf_cottage
D:3:      layout_basic, basic_ecumenical_altar, serial_bayou,
          serial_bayou_lagoon_b, serial_bayou_shore_b, serial_bayou_lagoon_a,
          serial_bayou_pond_e, grunt_ministairs_15, uniq_terence
D:4:      layout_rooms, kennysheep_okawaru_gauntlet, serial_shops,
          nicolae_square_shop, uniq_blork_the_orc, uniq_sigmund

Skill      XL: |  1  2  3  4  5  6 |
---------------+-------------------+-----
Stealth        | 2 3 |  3.5
Dodging        | 2 3 |  3.2
Fire Magic     | 3 |  3.8
Conjurations   | 2 3 |  3.1
Spellcasting   | 3 |  3.3

Action                   |  1- 3 |  4- 6 || total
-------------------------+-------+-------++-------
Melee: Dagger            |    19 |     4 ||    23
       Short sword       |     2 |     3 ||     5
       Punch             |     1 |       ||     1
 Fire: Arbalest          |    10 |    40 ||    50
 Cast: Foxfire           |    41 |    10 ||    51
       Scorch            |    13 |    22 ||    35
  Use: Potion            |       |     4 ||     4
 Stab: Sleeping          |     2 |     1 ||     3
Armor: Robe              |     7 |     6 ||    13
Dodge: Dodged            |    13 |    31 ||    44
